 Dungeon Sprint DCSS version 0.23.2-30-g0e89c35649 (webtiles) character file.

Game seed: 8121037438688244601

102 HASTUR3 the Insei (level 4, 0/35 HPs)
             Began as a Demonspawn Monk on June 21, 2019.
             Killed from afar by a deep elf mage (22 damage)
             ... with a bolt of fire
             ... in the Dungeon (Sprint III: "The Ten Rune Challenge").
             The game lasted 00:01:58 (288 turns).

HASTUR3 the Insei (Demonspawn Monk)                  Turns: 288, Time: 00:02:00

Health: 0/35       AC:  6    Str: 15    XL:     4   Next: 50%
Magic:  4/4        EV: 15    Int: 11    God:
Gold:   21         SH:  0    Dex: 15    Spells: 3/3 levels left

rFire    . . .     SeeInvis .     - Unarmed
rCold    . . .     Gourm    .   (no shield)
rNeg     . . .     Faith    .   k - +0 leather armour
rPois    .         Spirit   .   (helmet restricted)
rElec    .         Reflect  .   (no cloak)
rCorr    .         Harm     .   (no gloves)
MR       .....     Clarity  +   (no boots) Stlth +.........NoTele +
                                (no amulet)
HPRegen  0.11/turn              (no ring)
MPRegen  0.09/turn              (no ring)

@: liquid flames, hasted, glowing, very quick
A: antennae 1, slimy green scales 2, clarity, powered by death 1, strong 1
a: no special abilities


You were in the Dungeon.
You were not hungry.

You visited 1 branch You collected 21 gold pieces.

Inventory:

Armour
 a - a +2 cloak
 k - a +0 leather armour (worn)
Scrolls
 h - a scroll of blinking
 j - 4 scrolls of identify
 l - a scroll of holy word {unknown}
 m - 4 scrolls of remove curse
 p - a scroll of immolation {unknown}
Potions
 c - a potion of curing
 d - a potion of heal wounds
 f - 2 potions of magic
 g - a potion of mutation
 n - a potion of flight {unknown}
 o - a potion of invisibility {unknown}
Comestibles
 b - 3 rations


   Skills:
 - Level 3.0 Fighting
 + Level 6.4 Dodging
 - Level 1.7 Stealth
 + Level 6.4 Unarmed Combat


You had 3 spell levels left.
You didn't know any spells.
Your spell library was empty.

Dungeon Overview and Level Annotations

Branches:
Dungeon (1/1)

Altars:
Elyvilon
Zin
The Shining One


Innate Abilities, Weirdness & Mutations

You are mostly covered in slimy green scales. (AC +3)
You regenerate a little health from kills.
You have a pair of small antennae on your head.
You possess an exceptional clarity of mind.
Your muscles are strong. (Str +2)


Message History

You feel yourself speed up.
You start waiting.
All of the chunks of flesh in your inventory have rotted away.
You recover from your berserk rage.
Okay, then.
You feel yourself speed up.
You open the door.
A deep elf mage comes into view.
It is wielding a +2 long sword of holy wrath.
Found a potion of curing.
Found three altars.
There is an open door here.
The deep elf mage casts a spell at you. The sticky flame hits you!
You are covered in liquid flames!
You hit the deep elf mage.
The deep elf mage is lightly wounded.
You are covered in liquid flames!
The deep elf mage casts a spell at you. The bolt of fire hits you!!
Ouch! That really hurt!
You die...

▓▓▓▓▓ ▓▓▓ #...####
##.#####
#......#####..#___#
#.....÷.#..#..#e@.# { {{
##.##...#..#..###'#+###+##
##.###..##'#..#..........#
###.##..###...'.⌠........#
#÷.##..####...#...######+#
...##..###....#.⌠.# {
..##...##.....#...#
.##....#).....#+###
###..##.#.....#


You could see a deep elf mage.

Vanquished Creatures
  A water elemental (D)
  Crazy Yiuf (D)
  A human (D)
  4 rats (D)
7 creatures vanquished.

Vanquished Creatures (others)
  2 draconian scorchers (D)
  6 hellions (D)
  A yaktaur (D)
  A plant (D)
10 creatures vanquished.

Grand Total: 17 creatures vanquished

Notes
Turn   | Place    | Note
-------+----------+-------------------------------------------
     0 | D        | HASTUR3 the Demonspawn Monk began the quest for the Orb.
     0 | D        | Reached XP level 1. HP: 18/18 MP: 1/1
    76 | D        | Killed a hellion
    77 | D        | Killed a hellion
    78 | D        | Killed a hellion
    91 | D        | Noticed Crazy Yiuf
   100 | D        | Gained mutation: You are partially covered in slimy green
                  | scales. (AC +2) [demonic ancestry]
   100 | D        | Reached XP level 2. HP: 24/24 MP: 2/2
   107 | D        | Killed Crazy Yiuf
   107 | D        | Reached skill level 5 in Dodging
   107 | D        | Reached skill level 5 in Unarmed Combat
   107 | D        | Gained mutation: You are mostly covered in slimy green
                  | scales. (AC +3) [demonic ancestry]
   107 | D        | Reached XP level 3. HP: 29/29 MP: 3/3
   111 | D        | Killed a hellion
   119 | D        | Killed a yaktaur
   120 | D        | Killed a hellion
   128 | D        | Killed a hellion
   154 | D        | Gained mutation: You are frail. (-10% HP) [potion of
                  | mutation]
   154 | D        | Gained mutation: You expend magic power (3 MP) to
                  | strengthen your wands. [potion of mutation]
   155 | D        | Lost mutation: You are frail. (-10% HP) [potion of
                  | mutation]
   155 | D        | Lost mutation: You expend magic power (3 MP) to strengthen
                  | your wands. [potion of mutation]
   155 | D        | Gained mutation: Your muscles are strong. (Str +2) [potion
                  | of mutation]
   155 | D        | Gained mutation: You have a pair of small antennae on your
                  | head. [potion of mutation]
   155 | D        | Gained mutation: You possess an exceptional clarity of
                  | mind. [potion of mutation]
   177 | D        | Killed a white draconian scorcher
   202 | D        | Noticed a water elemental
   206 | D        | Killed a water elemental
   206 | D        | Gained mutation: You regenerate a little health from kills.
                  | [demonic ancestry]
   206 | D        | Reached XP level 4. HP: 35/35 MP: 4/4
   241 | D        | Killed a white draconian scorcher
   285 | D        | Found a glowing silver altar of Zin.
   285 | D        | Found a glowing golden altar of the Shining One.
   285 | D        | Found a white marble altar of Elyvilon.
   285 | D        | Noticed a deep elf mage
   288 | D        | Killed from afar by a deep elf mage

Skill      XL: |  1  2  3 |
---------------+----------+-----
Dodging        | 4 5 6 |  6.4
Unarmed Combat | 4 5 6 |  6.4
Fighting       | |  3.0
Stealth        | |  1.7

Action                   |  1- 3 |  4- 6 || total
-------------------------+-------+-------++-------
Melee: Unarmed           |    25 |     1 ||    26
  Use: Potion            |     4 |     1 ||     5
 Stab: Sleeping          |     1 |       ||     1
Armor: Robe              |     1 |       ||     1
       Leather armour    |     1 |       ||     1
Dodge: Dodged            |     9 |       ||     9
